 Dungeon Crawl Stone Soup version 0.25-a0-424-g80bd347ae0 (webtiles) character file.

Game seed: 2370587945428480108, levelgen mode: deterministic

46 Kohma the Chopper (level 3, -2/34 HPs)
             Began as a Minotaur Berserker on Jan 20, 2020.
             Was a Believer of Trog.
             Slain by an ice beast (3 damage)
             ... on level 3 of the Dungeon.
             The game lasted 00:02:42 (1539 turns).

Kohma the Chopper (Minotaur Berserker)              Turns: 1539, Time: 00:02:43

Health: -2/34      AC:  5    Str: 22    XL:     3   Next: 44%
Magic:  2/2        EV: 11    Int:  4    God:    Trog [**....]
Gold:   166        SH:  0    Dex:  9    Spells: 2/2 levels left

rFire    . . .     SeeInvis .   a - +0 hand axe
rCold    . . .     Gourm    .   (no shield)
rNeg     . . .     Faith    .   l - +0 ring mail
rPois    .         Spirit   .   (helmet restricted)
rElec    .         Reflect  .   (no cloak)
rCorr    .         Harm     .   (no gloves)
MR       .....                  (no boots)
Stlth    ..........             (no amulet)
HPRegen  0.11/turn              (no ring)
MPRegen  0.08/turn              (no ring)

@: no status effects
A: retaliatory headbutt, horns 2
a: Berserk, Trog's Hand, Renounce Religion


You were on level 3 of the Dungeon.
You worshipped Trog.
Trog was pleased with you.
You were not hungry.

You visited 1 branch of the dungeon, and saw 3 of its levels.

You collected 166 gold pieces.

Inventory:

Hand Weapons
 a - a +0 hand axe (weapon)
Armour
 l - a +0 ring mail (worn)
Jewellery
 f - an uncursed ring of protection from cold {unknown}
Scrolls
 b - a scroll of fog {unknown}
 e - a scroll of fear {unknown}
 g - a scroll of enchant armour {unknown}
 h - a scroll of amnesia {unknown}
 i - a scroll of blinking {unknown}
 j - 2 scrolls of magic mapping {unknown}
 k - 2 scrolls of teleportation {unknown}
Potions
 d - 2 potions of haste {unknown}
 m - a potion of resistance {unknown}
 n - a potion of curing {unknown}
 o - a potion of brilliance {unknown}
Comestibles
 c - 4 rations


   Skills:
 * Level 4.3 Fighting
 * Level 4.7 Axes
 + Level 2.7 Armour
 - Level 2.1 Dodging


You had 2 spell levels left.
You didn't know any spells.
Your spell library was empty.

Dungeon Overview and Level Annotations

Branches:
Dungeon (3/15)

Altars:
Zin


Innate Abilities, Weirdness & Mutations

You reflexively headbutt those who attack you in melee.
You have a pair of horns on your head.


Message History

You can now call upon Trog for regeneration and magic resistance.
All of the chunks of flesh in your inventory have rotted away.
Found a stone staircase leading down.
You see here a quokka corpse.
The ice beast hits you. The ice beast freezes you!
You are too injured to fight recklessly!
You are too injured to fight recklessly!
You are too injured to fight recklessly!
You are too injured to fight recklessly!
You are too injured to fight recklessly!
You are too injured to fight recklessly!
You slash the ice beast!
You headbutt the ice beast, but do no damage.
The ice beast is moderately wounded.
The ice beast hits you. The ice beast freezes you!
* * * LOW HITPOINT WARNING * * *
You hit the ice beast. Your headbutt misses the ice beast.
The ice beast is moderately wounded.
The ice beast hits you.
You die...

................
..............
........!...# .#
#.........###..#
#......<........
#..........##..
>#..........##.
.......†........
#......@.........
.......Y...###...
......?..#..# ..
#.###.#.###.# . #
#...# _.. ....#
.### ..#...
.......


You could see an ice beast.

Vanquished Creatures
  An adder (D:2)
  A worm (D:2)
  A dart slug (D:1)
  3 leopard geckos
  2 giant cockroaches (D:1)
  2 goblins (D:1)
  3 hobgoblins
  3 quokkas
  4 bats
  3 frilled lizards
  3 kobolds
  3 rats
29 creatures vanquished.

Notes
Turn   | Place    | Note
-------+----------+-------------------------------------------
     0 | D:1      | Kohma the Minotaur Berserker began the quest for the Orb.
     0 | D:1      | Reached XP level 1. HP: 19/19 MP: 0/0
   403 | D:1      | Reached XP level 2. HP: 18/27 MP: 1/1
   844 | D:2      | Reached XP level 3. HP: 27/33 MP: 2/2
  1528 | D:3      | Found a glowing silver altar of Zin.
  1532 | D:3      | Noticed an ice beast
  1535 | D:3      | Reached ** piety under Trog
  1538 | D:3      | HP: 1/34 [ice beast (11)]
  1539 | D:3      | Slain by an ice beast

Levels and vault maps discovered:
D:1:      zaba_arrival_water, layout_loops_ring
D:2:      cheibrodos_old_hovel, layout_basic
D:3:      layout_rooms, bloody_trog, lemuel_crystal_altar, uniq_sigmund

Skill      XL: |  1  2 |
---------------+-------+-----
Axes           | 4 |  4.7
Fighting       | 4 |  4.3
Armour         | |  2.7
Dodging        | |  2.1

Action                   || total
-------------------------++-------
Melee: Hand axe          ||    55
       Headbutt          ||    12
  Eat: Chunk             ||     2
Armor: Ring mail         ||    13
       Animal skin       ||     2
Dodge: Dodged            ||    43

Table legend:
 A = Non-vault XP
 B = Vault XP
 C = Vault XP percentage of total XP
 D = Non-vault monster count
 E = Vault monster count
 F = Vault count percentage of total count
                 A         B        C        D         E       F
            +---------+---------+-------+---------+---------+-------
      Total |      61 |       5 |   7.6 |      28 |       1 |   3.4
            +---------+---------+-------+---------+---------+-------
        D:1 |      22 |       0 |   0.0 |      13 |       0 |   0.0
        D:2 |      29 |       5 |  14.7 |      10 |       1 |   9.1
        D:3 |      10 |       0 |   0.0 |       5 |       0 |   0.0
            +---------+---------+-------+---------+---------+-------
